 Dungeon Crawl Stone Soup version 0.29.1-13-g9f3cf754e1 (webtiles) character file.

Game seed: 9704262498446061167

77 necKro23 the Trooper (level 4, -2/29 HPs)
             Began as a Gargoyle Berserker on Feb 9, 2023.
             Was a Believer of Trog.
             Slain by Sigmund
             ... wielding a +4 scythe of venom
              (6 damage)
             ... on level 2 of the Dungeon.
             The game lasted 00:08:51 (2568 turns).

necKro23 the Trooper (Gargoyle Berserker)           Turns: 2568, Time: 00:08:52

Health: -2/29      AC:  7    Str: 22    XL:     4   Next: 34%
Magic:  4/4        EV: 11    Int:  8    God:    Trog [**....]
Gold:   17         SH:  0    Dex:  9    Spells: 3/3 levels left

rFire   . . .      SeeInvis .   a - +0 hand axe
rCold   . . .      Faith    .   (no shield)
rNeg    + . .      Spirit   .   j - +0 leather armour
rPois   ∞          Reflect  .   (no helmet)
rElec   +          Harm     .   (no cloak)
rCorr   .          Rampage  .   (no gloves)
Will    .....                   (no boots)
Stlth   ..........              (no amulet)
HPRegen 0.09/turn               (no ring)
MPRegen 0.09/turn               (no ring)

@: confused, on berserk cooldown, slowed, very slow
A: sickness immunity, AC +3, negative energy resistance 1, electricity
resistance, torment resistance 1, petrification resistance
a: Renounce Religion, Berserk, Trog's Hand


You were on level 2 of the Dungeon.
You worshipped Trog.
Trog was pleased with you.
You visited 1 branch of the dungeon, and saw 2 of its levels.

You collected 17 gold pieces.

Inventory:

Hand Weapons
 a - a +0 hand axe (weapon)
Armour
 h - an orb of mayhem
 j - a +0 leather armour (worn)
Jewellery
 g - a +6 ring of intelligence
Scrolls
 b - a scroll of immolation {unknown}
 c - a scroll of blinking {unknown}
 d - 2 scrolls of vulnerability {unknown}
 e - 4 scrolls of identify {unknown}
 f - 2 scrolls of teleportation {unknown}
 i - a scroll of enchant armour {unknown}
Potions
 k - a potion of degeneration {unknown}


   Skills:
 + Level 4.0 Fighting
 + Level 3.2 Axes
 + Level 3.0 Armour
 + Level 2.2 Dodging


You had 3 spell levels left.
You didn't know any spells.
Your spell library contained the following spells:

 Spells                   Type           Power      Damage    Failure   Level
 Foxfire                  Conj/Fire      0%         2x1d4     45%         1
 Conjure Flame            Conj/Fire      0%         6-21      83%         3
 Dazzling Flash           Conj/Hex       0%         N/A       83%         3
 Inner Flame              Hex/Fire       0%         N/A       83%         3
 Flame Wave               Conj/Fire      0%         2d4       99%         4
 Agony                    Necr           0%         N/A       100%        5
 Silence                  Hex/Air        0%         N/A       100%        5


Dungeon Overview and Level Annotations

Branches:
Dungeon (2/15)

Altars:

Annotations:
D:2 Sigmund


Innate Abilities, Weirdness & Mutations

You are immune to sickness and miasma.
Your stone body is resilient. (AC +3)
You are immune to poison.
You resist negative energy. (rN+)
You are resistant to electric shocks. (rElec)
You are resistant to unholy torment.
You are immune to petrification.


Message History

No target in view!
No target in view!
There is an open door here.
Sigmund the Dreaded comes into view.
He is wielding a +4 scythe of venom.
Sigmund shouts!
No target in view!
A red film seems to cover your vision as you go berserk!
You feel yourself moving faster!
You feel mighty!
You feel a strong urge to attack something.
Sigmund hits you with a +4 scythe of venom!
You slash Sigmund!
Sigmund is moderately wounded.
You slice Sigmund!!
Sigmund is almost dead.
Sigmund gestures at you while chanting.
You are confused.
You're too confused to move!
Sigmund points at you and mumbles some strange words.
The magic dart hits you!
You closely miss Sigmund.
Sigmund is almost dead.
Sigmund casts a spell at you.
You are more confused.
You feel a strong urge to attack something.
You are no longer berserk.
You are exhausted.
You feel yourself slow down.
Sigmund drinks a potion.
Sigmund is healed!
You're too confused to move!
Sigmund looks at you with fury.
Sigmund hits you with a +4 scythe of venom!
Sigmund attacks as you move away! Sigmund misses you.
Sigmund barely misses you. Sigmund gestures at you while chanting.
You resist with some effort.
You bump into the rock wall.
Sigmund casts a spell at you. The magic dart hits you.
* * * LOW HITPOINT WARNING * * *
Sigmund hits you from afar with a +4 scythe of venom.
You die...

.##.#.##.....##... .#
#†##.#.###.#.##.# .#
.#.##.#.##...>..##### #.#
#†#.##.#.###......... ..# ###
##.#.##.#.###.#.######..#....
.##.#.##.#.##................
#.##.#.##.#.###..@###.@......
.#.##.#.##.#.##.÷.# #...#####
.†#.##.#.##.#.##@.# #......
#....##.#.##.#.##.# #..#####
##.#...#.##.#.##..# #..#
.##.#.#.##.#†##..## #..#
#.##.#.##.#.##..## #...
.#.##.##.#.##..## #.##
#†#.###.#.###.##
##.#.#.#.###..###################
.##.#.#.##.......................


You could see Sigmund.

Vanquished Creatures
  An adder (D:2)
  3 worms
  2 dart slugs
  8 ball pythons
  7 bats
  5 endoplasms
  2 giant cockroaches
  4 goblins
  5 hobgoblins
  6 kobolds
  2 frilled lizards
  4 rats
49 creatures vanquished.

Vanquished Creatures (others)
  2 fungi (D:1)
  4 plants (D:1)
6 creatures vanquished.

Grand Total: 55 creatures vanquished

Notes
Turn   | Place    | Note
-------+----------+-------------------------------------------
     0 | D:1      | necKro23 the Gargoyle Berserker began the quest for the
                  | Orb.
     0 | D:1      | Reached XP level 1. HP: 14/14 MP: 1/1
   114 | D:1      | Found a faded altar of an unknown god.
   286 | D:1      | Reached XP level 2. HP: 4/19 MP: 2/2
  1333 | D:1      | Reached XP level 3. HP: 24/24 MP: 3/3
  2034 | D:2      | Reached ** piety under Trog
  2137 | D:2      | Reached XP level 4. HP: 29/29 MP: 4/4
  2279 | D:2      | Reached skill level 4 in Fighting
  2549 | D:2      | Noticed Sigmund
  2568 | D:2      | Slain by Sigmund

Illustrated notes

Levels and vault maps discovered:
D:1:      dpeg_chamrin_arrival_tetris, layout_basic,
          shapermc_ecumenical_altar_mp_ritualfount, nicolae_wormholes
D:2:      minmay_inner_zag, layout_basic, solitary_fountain, grunt_ministairs_7,
          uniq_sigmund

Skill      XL: |  1  2  3  4 |
---------------+-------------+-----
Axes           | 3 |  3.2
Dodging        | 2 |  2.2
Armour         | 3 |  3.0
Fighting       | 4 |  4.0

Action                   |  1- 3 |  4- 6 || total
-------------------------+-------+-------++-------
Melee: Hand axe          |   114 |    45 ||   159
       Punch             |     1 |       ||     1
Invok: Berserk           |     1 |     1 ||     2
Armor: Animal skin       |    46 |       ||    46
       Leather armour    |       |    19 ||    19
Dodge: Dodged            |    87 |    33 ||   120
